 Dungeon Crawl Stone Soup version 0.23.2-1-ga50397a (webtiles) character file.

Game seed: 10500992118002525551

4162 doot the Basher (level 10, -2/100 HPs)
             Began as an Ogre Hunter on Apr 29, 2019.
             Killed from afar by an orc wizard (7 damage)
             ... with a magic dart
             ... on level 8 of the Dungeon.
             The game lasted 00:17:17 (9037 turns).

doot the Basher (Ogre Hunter)                       Turns: 9037, Time: 00:17:19

Health: -2/100     AC:  7    Str: 24    XL:     10   Next: 28%
Magic:  10/10      EV: 11    Int: 12    God:
Gold:   438        SH:  0    Dex: 11    Spells: 9/9 levels left

rFire    . . .     SeeInvis .   j - +0 giant spiked club
rCold    . . .     Gourm    .   (shield currently unavailable)
rNeg     . . .     Faith    .   n - +1 robe {MR+}
rPois    .         Spirit   .   (helmet restricted)
rElec    .         Reflect  .   x - +2 cloak {MR+}
rCorr    .         Harm     +   (gloves unavailable)
MR       +++..     Clarity  +   (boots unavailable)
Stlth    ++........             v - amulet of harm
HPRegen  0.26/turn              H - ring of flight
MPRegen  0.12/turn              (no ring)

@: mighty, flying, very slightly contaminated, invisible
A: large, unfitting armour, claws 1, clarity, tough skin 1
a: no special abilities


You were on level 8 of the Dungeon.
You were not hungry.

You visited 2 branches of the dungeon, and saw 9 of its levels.

You collected 438 gold pieces.

Inventory:

Hand Weapons
 a - a +0 short sword
 i - a +0 whip
 j - a +0 giant spiked club (weapon)
Missiles
 d - a throwing net
 p - 10 large rocks (quivered)
Armour
 b - a +0 robe
 n - a +1 robe of magic resistance (worn)
 x - a +2 cloak of magic resistance (worn)
Jewellery
 v - an amulet of harm (around neck)
 H - a ring of flight (left claw)
Wands
 y - a wand of paralysis (5)
 z - a wand of polymorph (11)
Scrolls
 c - 3 scrolls of fear {unknown}
 e - 6 scrolls of identify {unknown}
 h - 3 scrolls of teleportation {unknown}
 k - a scroll of immolation {unknown}
 m - 4 scrolls of remove curse {unknown}
 q - a scroll of noise {unknown}
 s - 3 scrolls of enchant weapon {unknown}
 t - a scroll of blinking {unknown}
 w - 4 scrolls of random uselessness {unknown}
 A - a scroll of amnesia {unknown}
 C - a scroll of enchant armour {unknown}
Potions
 g - 3 potions of degeneration
 l - 4 potions of curing
 o - 2 potions of flight
 r - 2 potions of brilliance {unknown}
 u - a potion of might
 B - a potion of lignification {unknown}
 D - 2 potions of ambrosia {unknown}
 E - a potion of invisibility
 G - 2 potions of cancellation {unknown}
Comestibles
 f - 4 rations
 F - 2 chunks of flesh


   Skills:
 + Level 6.9 Fighting
 + Level 1.5 Short Blades
 * Level 9.9 Maces & Flails
 + Level 6.8 Throwing
 + Level 4.7 Dodging
 + Level 2.9 Stealth


You had 9 spell levels left.
You didn't know any spells.
Your spell library contained the following spells:

 Spells                   Type           Power        Failure   Level  Hunger
 Corona                   Hex            #......      32%         1    ##.....
 Slow                     Hex            #.......     45%         2    ###....
 Inner Flame              Hex/Fire       #.......     69%         3    ####...
 Portal Projectile        Hex/Tloc       #.....       69%         3    ####...
 Cause Fear               Hex            #.........   97%         4    #####..
 Leda's Liquefaction      Hex/Erth       #.........   97%         4    #####..


Dungeon Overview and Level Annotations

Branches:
Dungeon (8/15)             Temple (1/1) D:5
   Lair: D:8-11

Altars:
Ashenzari
Cheibriados
Dithmenos
Elyvilon
Gozag
Hepliaklqana
Kikubaaqudgha
Makhleb
Nemelex Xobeh
Qazlal
Sif Muna
Trog
Vehumet
Xom
Yredelemnul
Zin
The Shining One

Annotations:
D:6 exclusion: statue
D:8 Prince Ribbit


Innate Abilities, Weirdness & Mutations

You are too large for most types of armour.
You have tough skin. (AC +1)
You have sharp fingernails.
You possess an exceptional clarity of mind.


Message History

Something hits you.
* * * LOW HITPOINT WARNING * * *
Things that are here:
a +0 dagger; a +0 robe It was a potion of flight.
You feel very buoyant.
You fly up into the air.
You hear some strange, mumbled words.
A puff of frost appears from out of thin air!
The puff of frost hits you.
* * * LOW HITPOINT WARNING * * *
Unknown command.
It was a potion of invisibility.
You fade into invisibility!
Something hits you but does no damage. The orc wizard barely misses you.
Something hits you but does no damage.
You are very lightly contaminated with residual magic.
The orc wizard casts a spell at you. The magic dart hits you.
You die...

.#.............##.......
............##..#.#.#.#a#
..8##...##..##...........
... #...#...##.....#.#.#
.. #.......##..#o#......
##.....####.(o######.
#......# ###.†# #[.....##
###..#####
##..@o.F###..........
#...[)#..............
#####.{.....(........
#######..........
#.......... #..........
###########


You could see Prince Ribbit and an orc wizard.

Vanquished Creatures
  A two-headed ogre (D:6)
  Grinder (D:4)
  2 hippogriffs
  Sigmund (D:2)
  A hungry ghost (D:7)
  2 sky beasts (D:7)
  A black bear (D:7)
  An ice beast (D:7)
  An ogre (D:3)
  4 centaurs
  2 crocodiles (D:7)
  A big kobold (D:8)
  Blork the orc (D:6)
  3 bullfrogs
  An oklob sapling (D:5)
  4 wights
  2 howler monkeys
  A crimson imp (D:7)
  7 hounds
  An orc priest (D:5)
  2 jellies
  6 orc wizards
  3 centaur skeletons
  A bullfrog skeleton (D:5)
  Ijyb (D:3)
  Crazy Yiuf (D:2)
  4 iguanas
  Terence (D:2)
  Natasha (thrice) (D:2)
  2 worker ants
  A killer bee zombie (D:8)
  A hound zombie (D:8)
  9 adders
  3 howler monkey skeletons
  4 shadow imps
  An ooze (D:5)
  2 worms
  4 leopard geckos
  21 orcs
  3 giant cockroaches
  8 goblins
  9 hobgoblins
  5 jackals
  A quokka (D:2)
  A ball python (D:3)
  3 bats
  7 frilled lizards
  13 kobolds
  A leopard gecko skeleton (D:4)
  A quokka skeleton (D:8)
  A quokka zombie (D:5)
  3 rats
  A plant (D:5)
  A withered plant (D:7)
166 creatures vanquished.

Notes
Turn   | Place    | Note
-------+----------+-------------------------------------------
     0 | D:1      | doot the Ogre Hunter began the quest for the Orb.
     0 | D:1      | Reached XP level 1. HP: 22/22 MP: 1/1
   140 | D:1      | Reached XP level 2. HP: 29/29 MP: 2/2
   304 | D:2      | Noticed Sigmund
   392 | D:2      | Killed Sigmund
   392 | D:2      | Reached skill level 1 in Short Blades
   392 | D:2      | Reached skill level 5 in Throwing
   392 | D:2      | Reached XP level 3. HP: 37/37 MP: 3/3
   392 | D:2      | Reached XP level 4. HP: 45/45 MP: 4/4
   392 | D:2      | Reached XP level 5. HP: 53/53 MP: 5/5
   520 | D:3      | Noticed an ogre
   623 | D:3      | Killed an ogre
   623 | D:3      | Reached skill level 1 in Stealth
   623 | D:3      | Reached XP level 6. HP: 61/61 MP: 6/6
   929 | D:3      | Found a deep blue altar of Sif Muna.
  1298 | D:3      | Found a shattered altar of Ashenzari.
  1389 | D:4      | Noticed Grinder
  1400 | D:4      | Killed Grinder
  1400 | D:4      | Reached skill level 2 in Maces & Flails
  1400 | D:4      | Reached XP level 7. HP: 70/70 MP: 7/7
  1639 | D:4      | Found a snail-covered altar of Cheibriados.
  1720 | D:3      | Gained mutation: Your mind is acute. (Int +2) [potion of
                  | mutation]
  1720 | D:3      | Gained mutation: Your flesh is cold resistant. (rC+)
                  | [potion of mutation]
  1720 | D:3      | Gained mutation: You are frail. (-10% HP) [potion of
                  | mutation]
  1720 | D:3      | Gained mutation: You are partially covered in yellow
                  | scales. (AC +2) [potion of mutation]
  1726 | D:3      | Reached skill level 3 in Maces & Flails
  2606 | D:4      | Reached skill level 4 in Maces & Flails
  2637 | D:5      | Entered Level 5 of the Dungeon
  2739 | D:5      | Reached XP level 8. HP: 67/71 MP: 8/8
  2900 | D:5      | Found a staircase to the Ecumenical Temple.
  2920 | Temple   | Entered the Ecumenical Temple
  3344 | D:1      | Reached skill level 5 in Maces & Flails
  3623 | D:2      | Noticed Natasha
  3632 | D:2      | Killed Natasha
  3685 | D:2      | Noticed Natasha
  3688 | D:2      | Killed Natasha
  3831 | D:2      | Noticed Terence
  3837 | D:2      | Killed Terence
  3868 | D:2      | Lost mutation: You are frail. (-10% HP) [potion of
                  | mutation]
  3868 | D:2      | Lost mutation: Your flesh is cold resistant. (rC+) [potion
                  | of mutation]
  3868 | D:2      | Lost mutation: Your mind is acute. (Int +2) [potion of
                  | mutation]
  3868 | D:2      | Lost mutation: You are partially covered in yellow scales.
                  | (AC +2) [potion of mutation]
  3868 | D:2      | Gained mutation: You have sharp fingernails. [potion of
                  | mutation]
  3868 | D:2      | Gained mutation: You possess an exceptional clarity of
                  | mind. [potion of mutation]
  3874 | D:2      | Noticed Natasha
  3928 | D:2      | Killed Natasha
  3928 | D:2      | Reached skill level 5 in Fighting
  4235 | D:2      | Found a runed translucent door.
  4236 | D:2      | Noticed Crazy Yiuf
  4241 | D:2      | Killed Crazy Yiuf
  4370 | D:3      | Noticed Ijyb
  4378 | D:3      | Killed Ijyb
  4783 | D:5      | Reached skill level 6 in Maces & Flails
  5431 | D:5      | Found a glowing silver altar of Zin.
  6121 | D:6      | Found a radiant altar of Vehumet.
  6121 | D:6      | Noticed a two-headed ogre
  6131 | D:6      | Reached XP level 9. HP: 36/88 MP: 9/9
  6134 | D:6      | Killed a two-headed ogre
  6134 | D:6      | Reached skill level 8 in Maces & Flails
  7103 | D:6      | Noticed Blork the orc
  7104 | D:6      | Killed Blork the orc
  7267 | D:7      | Found an ancient bone altar of Kikubaaqudgha.
  7667 | D:7      | Reached skill level 9 in Maces & Flails
  7748 | D:7      | Reached XP level 10. HP: 69/100 MP: 10/10
  8145 | D:7      | Found a stormy altar of Qazlal.
  8214 | D:7      | Found a glowing golden altar of the Shining One.
  9011 | D:8      | Noticed Prince Ribbit
  9035 | D:8      | HP: 5/100 [something/puff of frost (3)]
  9037 | D:8      | Killed from afar by an orc wizard

Skill      XL: |  1  2  3  4  5  6  7  8  9 |
---------------+----------------------------+-----
Fighting       | 3 4 5 6 |  6.9
Short Blades   | 1 |  1.5
Throwing       | 5 6 |  6.8
Dodging        | 2 3 4 |  4.7
Stealth        | 1 2 |  2.9
Maces & Flails | 2 4 6 9 |  9.9

Action                   |  1- 3 |  4- 6 |  7- 9 | 10-12 || total
-------------------------+-------+-------+-------+-------++-------
Melee: Short sword       |    30 |    10 |       |       ||    40
       Whip              |       |    32 |       |       ||    32
       Giant spiked club |       |    64 |   404 |    71 ||   539
Throw: Large rock        |     5 |     7 |    42 |     5 ||    59
       Throwing net      |       |     2 |     5 |       ||     7
  Use: Potion            |       |       |     4 |     3 ||     7
 Stab: Sleeping          |       |     2 |     5 |       ||     7
       Distracted        |       |       |     2 |       ||     2
  Eat: Chunk             |       |     1 |    21 |     3 ||    25
       Ration            |       |       |     3 |       ||     3
Armor: Robe              |     4 |    46 |   182 |    44 ||   276
Dodge: Dodged            |    16 |    90 |   276 |    68 ||   450
